Map: [ESL] Dragon Scales

Players

Astrea - Winner!

  • Race: Protoss Protoss
  • Spawn Location: 11:00

ByuN

  • Race: Terran Terran
  • Spawn Location: 5:00

Event: ESL SC2 Masters 2023 Summer (Finals)

VOD

Have the link to the VOD?

Description

Time

  • Played on: June 16, 2023, 9:04 a.m.
  • Length: 11:27

All games in this series

Show
View Real Time Build Order
Export as new Build Order

Astrea Protoss - Winner!

Build Orders: 1 Gate Expand, Blink Stalkers, Colossus Rush 

Get SALT Encoding   

  12  0:00  Probe  
  13  0:12  Probe  
  14  0:17  Pylon  
  14  0:24  Probe (Chrono Boost)  
  16  0:36  Probe (Chrono Boost)  
  16  0:37  Gateway  
  16  0:43  Probe (Chrono Boost)  
  16  0:45  Assimilator  
  17  0:51  Probe  
  18  1:03  Probe  
  19  1:15  Probe  
  20  1:24  Cybernetics Core  
  20  1:33  Nexus  
  20  1:38  Probe  
  21  1:40  Pylon  
  21  1:50  Probe  
  21  1:52  Assimilator  
  22  1:58  Adept (Chrono Boost)  
  24  2:01  Warp Gate  
  24  2:02  Probe  
  25  2:14  Probe  
  26  2:20  Adept (Chrono Boost)  
  28  2:28  Probe  
  29  2:39  Twilight Council  
  29  2:40  Probe (Chrono Boost)  
  30  2:45  Probe (Chrono Boost)  
  31  2:57  Probe (Chrono Boost)  
  31  2:58  Probe (Chrono Boost)  
  33  3:00  Gateway  
  33  3:02  Probe (Chrono Boost)  
  33  3:05  Probe (Chrono Boost)  
  35  3:07  Robotics Facility  
  35  3:12  Probe  
  36  3:13  Blink (Chrono Boost)  
  36  3:16  Probe  
  37  3:24  Probe  
  38  3:28  Probe  
  38  3:36  Probe  
  38  3:40  Probe  
  40  3:44  Nexus  
  41  3:51  Stalker  
  41  3:52  Probe  
  41  3:53  Pylon  
  43  3:56  Observer  
  43  3:57  Probe  
  43  4:02  Pylon  
  45  4:05  Probe, Assimilator  
  46  4:11  Probe  
  47  4:17  Probe, Stalker x2  
  52  4:25  Probe  
  52  4:30  Probe  
  54  4:33  Observer  
  54  4:37  Probe, Assimilator  
  56  4:40  Robotics Bay  
  56  4:45  Probe  
  56  4:49  Stalker  
  56  4:50  Probe  
  59  4:57  Probe  
  60  5:02  Probe x2  
  60  5:04  Pylon  
  62  5:09  Stalker  
  62  5:11  Probe (Chrono Boost)  
  62  5:14  Probe x2 (Chrono Boost)  
  67  5:17  Stalker  
  70  5:22  Probe (Chrono Boost)  
  70  5:23  Probe (Chrono Boost)  
  70  5:24  Probe (Chrono Boost), Colossus (Chrono Boost)  
  78  5:32  Shield Battery  
  78  5:35  Stalker  
  80  5:39  Extended Thermal Lance  
  80  5:40  Pylon  
  74  5:52  Stalker  
  74  5:54  Pylon  
  74  6:00  Stalker  
  74  6:01  Probe, Gateway  
  74  6:02  Gateway  
  77  6:05  Probe  
  77  6:08  Colossus (Chrono Boost)  
  80  6:24  Observer  
  77  6:25  Probe  
  77  6:26  Probe  
  77  6:28  Probe, Stalker x2  
  77  6:34  Observer  
  77  6:37  Probe  
  77  6:38  Probe  
  79  6:41  Probe  
  79  6:42  Observer  
  80  6:49  Probe  
  80  6:50  Probe  
  80  6:52  Stalker x2  
  80  6:53  Probe, Observer (Chrono Boost)  
  88  7:02  Probe x2  
  88  7:03  Gateway x2  
  90  7:09  Stalker  
  90  7:14  Pylon x2  
  92  7:27  Probe, Charge (Chrono Boost)  
  92  7:28  Pylon  
  92  7:29  Gateway, Observer, Colossus (Chrono Boost)  
  93  7:31  Observer  
  93  7:32  Probe  
  93  7:33  Gateway  
  100  7:39  Stalker x3  
  100  7:40  Zealot  
  108  7:47  Pylon  
  108  7:50  Pylon  
  108  7:53  Observer  
  108  7:58  Sentry  
  110  8:03  Stalker x3  
  110  8:05  Zealot x2  
  120  8:06  Warp Prism (Chrono Boost)  
  122  8:14  Pylon  
  122  8:16  Pylon  
  119  8:27  Zealot x7  
  119  8:32  Probe x2  
  135  8:34  Pylon  
  135  8:37  Pylon  
  133  9:00  Stalker x5  
  118  9:25  Stalker x2  
  118  9:26  Stalker x3  
  98  10:05  Nexus  
  88  10:07  Pylon  
  84  10:16  Stalker x3  
  84  10:17  Stalker  
  87  11:12  Nexus  
Show
View Real Time Build Order
Export as new Build Order

ByuN Terran 

Build Orders:  

Get SALT Encoding   

  12  0:00  SCV  
  13  0:12  SCV  
  14  0:16  Supply Depot  
  14  0:24  SCV  
  15  0:38  Barracks, SCV  
  16  0:43  Refinery  
  16  0:50  SCV  
  16  0:53  Refinery  
  17  1:02  SCV  
  18  1:14  SCV  
  19  1:25  Reaper  
  20  1:27  Orbital Command  
  20  1:40  Factory  
  20  1:52  Supply Depot  
  20  1:53  SCV  
  21  2:06  SCV  
  22  2:09  Barracks Reactor  
  22  2:18  SCV  
  22  2:22  Command Center  
  23  2:28  Widow Mine  
  25  2:30  SCV  
  26  2:39  Starport  
  26  2:42  SCV  
  27  2:46  Supply Depot  
  27  2:48  Marine  
  28  2:52  Widow Mine  
  28  2:54  SCV  
  31  3:07  Marine x2, SCV  
  34  3:14  Widow Mine  
  34  3:16  Medivac  
  34  3:19  SCV  
  39  3:30  Marine  
  39  3:33  Marine, SCV  
  41  3:36  Factory Tech Lab  
  41  3:46  SCV, Starport Tech Lab  
  41  3:48  Marine  
  42  3:51  Marine  
  44  3:55  Siege Tank  
  44  3:58  SCV  
  44  4:00  Supply Depot  
  44  4:02  Orbital Command  
  48  4:06  Raven  
  50  4:10  SCV  
  50  4:14  Marine x2  
  53  4:22  SCV  
  54  4:24  Bunker  
  54  4:28  SCV  
  54  4:30  Siege Tank  
  56  4:34  Barracks  
  56  4:37  SCV  
  57  4:40  SCV  
  57  4:41  Supply Depot  
  57  4:44  Marine x2  
  60  4:49  SCV  
  60  4:52  SCV  
  62  4:57  Supply Depot  
  62  5:02  Marine x2  
  62  5:03  SCV  
  62  5:04  SCV  
  62  5:06  Barracks  
  66  5:07  Supply Depot  
  66  5:15  SCV  
  66  5:16  SCV  
  66  5:19  Supply Depot  
  66  5:20  Marine x2, Factory Reactor  
  70  5:26  Starport Reactor  
  70  5:27  SCV  
  71  5:28  SCV  
  71  5:29  Engineering Bay  
  71  5:32  Marine  
  71  5:33  Stimpack  
  73  5:39  SCV  
  73  5:40  Marine x2, SCV  
  73  5:50  Marine  
  73  5:51  SCV  
  73  5:52  SCV  
  73  5:54  Terran Infantry Weapons Level 1, Supply Depot  
  73  5:57  Marine x2  
  73  6:07  Marauder  
  73  6:09  Marauder  
  75  6:14  Widow Mine x2, Medivac x2  
  75  6:15  Marine x2  
  85  6:20  Refinery  
  85  6:21  Refinery  
  82  6:27  SCV  
  82  6:29  Marauder  
  82  6:30  Marauder  
  76  6:42  Supply Depot  
  76  6:43  Combat Shield  
  76  6:44  Marine x2  
  78  6:50  Marauder  
  80  7:01  Command Center  
  80  7:02  Barracks  
  80  7:03  Barracks, SCV x2  
  82  7:10  Widow Mine x2  
  82  7:11  Marauder  
  82  7:13  Marauder  
  90  7:20  Marine  
  90  7:21  Marine, Concussive Shells  
  82  7:25  SCV x2  
  84  7:35  Widow Mine x2  
  84  7:36  Marauder  
  84  7:37  Marauder  
  92  7:38  Medivac  
  92  7:42  Medivac  
  96  7:48  SCV  
  96  7:49  Terran Infantry Armor Level 1  
  96  7:50  Barracks Reactor  
  96  7:51  Barracks Tech Lab  
  97  7:55  Marine x2  
  99  8:01  Marauder x2  
  99  8:02  SCV x2  
  105  8:14  SCV x2  
  107  8:20  Marauder  
  107  8:22  Marauder  
  107  8:23  Marine x2, Marauder  
  107  8:26  SCV  
  114  8:31  Marine x2  
  114  8:32  Viking x2  
  114  8:33  SCV  
  121  8:36  Ghost Academy  
  121  8:38  SCV, Supply Depot  
  122  8:43  Marauder, Supply Depot  
  122  8:44  Marauder  
  122  8:45  SCV  
  122  8:48  Marine x2  
  124  8:49  Marine  
  124  8:50  Marine  
  125  9:00  Widow Mine x2, SCV x2, Marauder  
  132  9:04  Viking  
  132  9:05  Viking  
  132  9:09  Marine x2  
  126  9:10  Marine  
  126  9:12  SCV x2  
  110  9:29  Marauder  
Tags
 
Add a new tag
Caveats
  • Supply blocks, unpowered buildings, or Contaminate may cause inaccurate times.
  • Supply counts are checked every 10 seconds.